Unix NetHack Version 3.7.0-65 Work-in-progress - last build Sep 26 2022 05:48:34 (a9070be95fe145525c880ceec589f5104d392f49,branch:master). Game began 2022-10-02 21:10:05, ended 2022-10-02 21:21:05. Gandelf, neutral male human Monk ------ --- .....---.--- -....G.h@.| ..........| |........-- |........| ---.....-- |.....---- | |........| |. ----........| |...............| |..........--..-- |. -----...- --- | |.|. |.--- |. | Gandelf the Novice St:16 Dx:15 Co:13 In:7 Wi:9 Ch:13 Neutral S:1468 Dlvl:6 $:226 HP:0(38) Pw:30(32) AC:4 Xp:5/248 T:796 Weak Burdened Latest messages: You are caught in a bear trap. You are caught in a bear trap. You are caught in a bear trap. You are caught in a bear trap. You are caught in a bear trap. You are caught in a bear trap. You are caught in a bear trap. You are caught in a bear trap. You finally wriggle free. You swap places with your little dog. You fall down the stairs. You see here a fortune cookie. You have a little trouble lifting K - a fortune cookie. The little dog misses the gnome lord. The gnome lord hits! You fall down the stairs. You hear a door open. You hear a door open. You hit the gnome! The gnome hits! You kill the gnome! In what direction? . You feel better. You hear a door open. You hear a door open. You are beginning to feel weak. You hear a door open. You climb up the stairs. You hit the gnome lord! The gnome lord misses! The gnome lord hits! You kill the gnome lord! The little dog misses the gnome lord. The gnome lord hits! The little dog bites the gnome lord. The gnome lord hits the little dog. You fall down the stairs. You feel an unexpected draft. You kill the gnome! You hear someone beseeching Chih Sung-tzu. You hear a door open. You hit the dwarf! The dwarf swings his pick-axe. The dwarf hits! You die... Do you want your possessions identified? [ynq] (y) y Do you want to see your attributes? [ynq] (y) y Do you want an account of creatures vanquished? [ynaq] (y) y Do you want to see your conduct and achievements? [ynq] (y) y Do you want to see the dungeon overview? [ynq] (y) y Inventory: Coins $ - 226 gold pieces Weapons q - 22 +0 arrows z - 11 cursed -3 arrows D - 9 blessed +0 crossbow bolts B - 8 +0 crossbow bolts x - a +0 bow A - a +0 bow r - a cursed -3 bow C - a blessed +2 crossbow E - a +0 crossbow n - 2 +0 daggers s - a +0 dwarvish mattock Armor t - an uncursed +0 dwarvish iron helm a - an uncursed +2 pair of leather gloves (being worn) u - an uncursed +0 pair of iron shoes p - an uncursed +0 dwarvish cloak v - an uncursed +0 dwarvish cloak b - an uncursed +1 robe (being worn) Comestibles g - 5 uncursed apples f - 4 uncursed food rations j - 2 uncursed food rations i - 3 uncursed fortune cookies K - an uncursed fortune cookie h - 5 uncursed oranges o - an uncursed tripe ration Scrolls m - a cursed scroll of destroy armor k - an uncursed scroll of fire d - an uncursed scroll of genocide Spellbooks l - an uncursed spellbook of detect food c - a blessed spellbook of healing Potions e - 3 uncursed potions of water Wands w - a wand of digging (0:5) Tools G - a bag of tricks (0:14) F - an uncursed leash J - an uncursed tallow candle I - an uncursed wax candle Gems/Stones H - an uncursed obsidian stone y - 2 uncursed worthless pieces of yellowish brown glass Gandelf the Monk's attributes: Background: You were a Novice, a level 5 male human Monk. You were neutral, on a mission for Chih Sung-tzu who was opposed by Shan Lai Ching (lawful) and Huan Ti (chaotic). You were in the Gnomish Mines, on level 6. You entered the dungeon 796 turns ago. You had 248 experience points, 72 more were needed to attain level 6. Your score was 1468 before end-of-game adjustments. Basics: You had 0 out of 38 hit points. You had 30 out of 32 energy points (spell power). Your armor class was 4. Your wallet contained 226 zorkmids. Autopickup was off. Final Characteristics: Your strength was 16 (base:17, limit:18/100). Your dexterity was 15 (limit:18). Your constitution was 13 (limit:18). Your intelligence was 7 (limit:18). Your wisdom was 9 (limit:18). Your charisma was 13 (limit:18). Final Status: You were weak from severe hunger. You were burdened; movement was slightly slowed. You were empty handed. You had basic skill with martial arts. Final Attributes: You were fervently aligned. You were sleep resistant. You were poison resistant. You saw invisible. You were stealthy. You were guarded. You were fast. You are dead. Miscellaneous: You never encountered a bones level. Total elapsed playing time was 11 minutes. Major events: Turn 1: Gandelf the neutral male human Monk entered the dungeon 309: entered the Gnomish Mines 315: attained the rank of Novice (level 3) 796: killed by a dwarf Vanquished creatures: 4 gnome leaders a gnomish wizard 4 dwarves a homunculus 3 hobbits a brown mold 17 gnomes a jackal a kobold 2 grid bugs a lichen a kobold zombie 2 newts 39 creatures vanquished. No species were genocided or became extinct. Voluntary challenges: You went without food. You were an atheist. You never hit with a wielded weapon. You were illiterate. You never engraved Elbereth. You never genocided any monsters. You never polymorphed an object. You never changed form. You used no wishes. Achievements: You entered the Gnomish Mines. You attained the rank of Novice. The Dungeons of Doom: levels 1 to 2 Level 1: A fountain. Level 2: Stairs down to The Gnomish Mines. The Gnomish Mines: levels 3 to 6 Level 3: Level 4: Level 5: Level 6: <- You were here. Final resting place for you, killed by a dwarf. Game over: ---------- / \ / REST \ / IN \ / PEACE \ / \ | Gandelf | | 226 Au | | killed by a | | dwarf | | | | | | 2022 | *| * * * | * _________)/\\_//(\/(/\)/\//\/|_)_______ Goodbye Gandelf the Monk... You died in The Gnomish Mines on dungeon level 6 with 1446 points, and 226 pieces of gold, after 796 moves. You were level 5 with a maximum of 38 hit points when you died.